[Event "44th Chess Olympiad Women 2022"]
[Site "Chennai"]
[Date "2022.08.07"]
[Round "9.37"]
[White "Ahmad Murad, Fatema Alzahraa."]
[Black "Diaz Charpentier, Kristel Meliss"]
[Result "1/2-1/2"]
[WhiteElo "1791"]
[BlackElo "1989"]
[Annotator "NA RC"]
[PlyCount "131"]
[EventDate "2022.??.??"]
[TimeControl "60"]

1. d4 Nf6 2. c4 e6 3. a3 c5 4. d5 exd5 5. cxd5 d6 6. Nc3 g6 7. e4 Bg7 8. Bd3 O-O 9. Nf3 a6 10. a4 Qc7 11. Nd2 Nbd7 12. Nc4 Rb8 13. a5 b5 14. axb6 Nxb6 15.
O-O Nfd7 16. Qc2 Nxc4 17. Bxc4 Ne5 18. Be2 Qb6 19. Ra3 Re8 20. Qa4 Re7 21. f3 Nd7 22. Qa5 Qxa5 23. Rxa5 Nb6 24. Bf4 Rd7 25. Rfa1 Ra8 26. R5a2 c4 27. Bd1 Bd4+ 28. Kf1 Kg7 29. Na4 Rb8 30. Rc1 a5 31. Ke1 Ba6 32. Nxb6 Rxb6 33. Rxa5 Bxb2 34. Be3 Bxc1 35. Bxb6 Bc8 36. Bd4+ f6 37. Ra4 Rc7 38. Bc3 Bd7 39. Ra6 Bf4 40. g3 Be5 41. Bxe5 dxe5 42. Kd2 Kf7 43. Ba4 Bxa4 44. Rxa4 c3+ 45. Kc2 f5 46. Ra3 fxe4 47. fxe4 Rc4 48. Ra7+ Ke8 49. Rxh7 Rxe4 50. Kxc3 Rd4 51. Rg7 Rxd5 52. Rxg6 Kf7 53. Rg4 Rd6 54. Re4 Kf6 55. Re2 Kf5 56. Rd2 Rh6 57. Kd3 e4+ 58. Ke3 Ke5 59. Rb2 Kf5 60. Rf2+ Ke5 61. g4 Rh3+ 62. Ke2 e3 63. Rf5+ Ke6 64. Rh5 Rxh5 65. gxh5 Kf6 66. Kxe3 1/2-1/2

[Event "44th Chess Olympiad Women 2022"]
[Site "Chennai"]
[Date "2022.08.07"]
[Round "9.37"]
[White "Khalil, Manar"]
[Black "Ramirez Gonzalez, Maria Jose"]
[Result "1-0"]
[WhiteElo "1831"]
[BlackElo "1809"]
[Annotator "NA"]
[PlyCount "103"]
[EventDate "2022.??.??"]
[TimeControl "60"]

1. e4 d6 2. d4 e5 3. Nf3 Nd7 4. c3 Ngf6 5. Bd3 Be7 6. O-O c6 7. a4 Qc7 8. Na3 h6 9. Re1 g5 10. Nc4 g4 11. dxe5 dxe5 12. Nfd2 Nf8 13. Ne3 Ng6 14. Nf5 Nf4 15. Nc4 Nxd3 16. Qxd3 Bxf5 17. exf5 e4 18. Qe2 Qd7 19. Be3 h5 20. Bd4 Qxf5 21. Bxf6 Qxf6 22. Qxe4 Kf8 23. Ne3 Bc5 24. Nf5 Rg8 25. b4 Rg5 26. Ne3 Bxe3 27. Qxe3 Rd5 28. c4 Rd4 29. Rac1 Rad8 30. h3 a6 31. b5 axb5 32. axb5 h4 33. hxg4 Rxg4 34. b6 Rg5 35. Rcd1 Rxd1 36. Rxd1 Re5 37. Qh3 Qe7 38. Qc8+ Kg7 39. Qc7 Kf6 40. Rd6+ Kg7 41. Rd7 Re1+ 42. Kh2 Qf6 43. f3 Re5 44. Rxf7+ Qxf7 45. Qxe5+ Kf8 46. Qb8+ Qe8 47. Qxe8+ Kxe8 48. Kh3 c5 49. Kxh4 Kd7 50. g4 Kc6 51. g5 Kxb6 52. g6 1-0

[Event "44th Chess Olympiad Women 2022"]
[Site "Chennai"]
[Date "2022.08.07"]
[Round "9.37"]
[White "Rodriguez Arrieta, Maria Elena"]
[Black "Mahmoud, Roula"]
[Result "1-0"]
[WhiteElo "1849"]
[BlackElo "1765"]
[Annotator "NA"]
[PlyCount "121"]
[EventDate "2022.??.??"]
[TimeControl "60"]

1. e4 c5 2. Nf3 Nc6 3. Bb5 e6 4. Bxc6 bxc6 5. O-O d5 6. d3 Nf6 7. Nbd2 Be7 8. Qe2 O-O 9. Re1 Ba6 10. b3 Qc7 11. Bb2 Nd7 12. h3 Bf6 13.
Bxf6 Nxf6 14. e5 Nd7 15. Ng5 h6 16. Ngf3 Rab8 17. a3 Qa5 18.
Nf1 Qc3 19. Ng3 c4 20. dxc4 Nc5 21. Red1 dxc4 22. b4 Na4 23. Rdb1 f5 24. exf6 Qxf6 25. Ne4 Qf4 26. Re1 Rbd8 27. Qe3 Qc7 28. Rad1 Bc8 29. Rd4 Nb6 30. Nc5 Rde8 31. Re4 Nd5 32. Qd4 Nf4 33. Ne5 g5 34. Qxc4 Rf6 35. Ncd3 Nxd3 36. Nxd3 Ref8 37. R1e2 Kg7 38. Nc5 Qb6 39. Qd4 e5 40. Rxe5 Qb5 41. Re7+ Kg8 42. c4 Qb6 43. Qc3 Qd8 44. Rxa7 Qd1+ 45. Re1 Qh5 46. Ree7 Qd1+ 47. Kh2 Qd6+ 48. Qg3 Rd8 49. Qxd6 Rfxd6 50. Re2 h5 51. Rae7 g4 52. Re8+ Kf7 53. Rxd8 Rxd8 54. hxg4 hxg4 55. Kg3 Kf6 56. a4 Rd4 57. Rc2 Ke5 58. a5 Kd6 59. a6 Kc7 60. a7 Bb7 61. Ne6+ 1-0

[Event "44th Chess Olympiad Women 2022"]
[Site "Chennai"]
[Date "2022.08.07"]
[Round "9.38"]
[White "Jannatul, Ferdous"]
[Black "A-ALI, Sali Abbas Abdulzah"]
[Result "1/2-1/2"]
[WhiteElo "1815"]
[BlackElo "1864"]
[Annotator "NA RC"]
[PlyCount "68"]
[EventDate "2022.??.??"]
[TimeControl "60"]

1. e4 e6 2. d4 d5 3. Nc3 dxe4 4. Nxe4 Nd7 5. Nf3 Ngf6 6. Nxf6+ Nxf6 7. Bd3 Be7 8. c3 O-O 9. O-O b6 10. h3 Bb7 11. Re1 c5 12. dxc5 Bxc5 13.
Bg5 Be7 14. Qe2 Qc7 15. Ne5 Rad8 16. Rad1 Ba8 17. Kh1 Qb7 18. f4 h6 19. Bxf6 Bxf6 20. Bb5 Bxe5 21. fxe5 Rd5 22. Rxd5 Qxd5 23. c4 Qd4 24. Rd1 Qh4 25. Rd7 Qxh3+ 26. Kg1 Qg3 27. Rxa7 Rd8 28. Rd7 Qg5 29. Qf2 Rxd7 30. Bxd7 Qxe5 31. Qxb6 Qe1+ 32. Kh2 Qh4+ 33. Kg1 Qe1+ 34. Kh2 Qh4+ 1/2-1/2

[Event "44th Chess Olympiad Women 2022"]
[Site "Chennai"]
[Date "2022.08.07"]
[Round "9.38"]
[White "Sara Masood Abdullah"]
[Black "Noshin, Anjum"]
[Result "0-1"]
[WhiteElo "1677"]
[BlackElo "2027"]
[Annotator "NA"]
[PlyCount "94"]
[EventDate "2022.??.??"]
[TimeControl "60"]

1. e4 e5 2. Nf3 Nc6 3. Nc3 Nf6 4. d4 exd4 5. Nxd4 Bb4 6.
Nxc6 bxc6 7. Bd3 d5 8. exd5 cxd5 9. O-O O-O 10. a3 Be7 11.
Bf4 c6 12. Qf3 Bd6 13. h3 Rb8 14. b3 Be6 15. Rad1 Bxf4 16. Qxf4 Qa5 17. Na4 c5 18. Rb1 Bd7 19. g4 c4 20. Bf5 Bxf5 21. gxf5 Rbe8 22. Kh2 Re4 23. Qg3 Nh5 24. Qg5 Qc7+ 25. Kh1 g6 26. Rg1 Nf4 27. Rg3 Qe5 28. fxg6 Re1+ 29. Rxe1 Qxe1+ 30. Rg1 Qe4+ 31. Kh2 fxg6 32. Nc5 Qd4 33. Nd7 Qxf2+ 34. Rg2 Qxg2+ 35. Qxg2 Nxg2 36. Nxf8 cxb3 37. cxb3 Kxf8 38. Kxg2 g5 39. Kf3 h5 40. b4 Ke7 41. a4 Kd6 42. Ke3 h4 43. Kf3 Ke5 44. b5 Kd6 45. a5 Kc5 46. b6 axb6 47. a6 Kc6 0-1

[Event "44th Chess Olympiad Women 2022"]
[Site "Chennai"]
[Date "2022.08.07"]
[Round "9.38"]
[White "Sultana, Sharmin Shirin"]
[Black "Al-Fayyadh, Zainab Asif Abdulah"]
[Result "1-0"]
[WhiteElo "1995"]
[BlackElo "1749"]
[Annotator "NA RC"]
[PlyCount "105"]
[EventDate "2022.??.??"]
[TimeControl "60"]

1. d4 d5 2. c4 e6 3. Nc3 Nf6 4. cxd5 exd5 5. Bg5 Be7 6. e3 O-O 7. Bd3 Nbd7 8. Nf3 c6 9. Qc2 h6 10. Bh4 Re8 11. O-O Ne4 12. Bxe7 Qxe7 13. Rae1 Nf8 14. Ne5 f6 15. Nf3 Bf5 16. Nh4 Bh7 17. f3 f5 18.
Nxf5 Bxf5 19. fxe4 dxe4 20. Bc4+ Be6 21. Nxe4 Bxc4 22. Qxc4+ Qe6 23. Nd6 Qxc4 24. Nxc4 Ne6 25. Rc1 Rad8 26. Rfd1 Nc7 27. Ne5 Nd5 28. Kf2 Rd6 29. Ke2 g5 30. g3 Kg7 31. a3 h5 32. Rf1 Rf6 33.
e4 Rxf1 34. Rxf1 Nf6 35. Rf5 Nxe4 36. Kd3 Nf6 37. Rxg5+ Kh7 38. Rf5 Kg7 39. b4 a6 40. h3 Re7 41. Kc4 Rc7 42. Kc5 Re7 43. Kc4 Re8 44. a4 b5+ 45. axb5 cxb5+ 46. Kc5 Rd8 47. Nc6 Rd7 48. Re5 Kg6 49. d5 Rg7 50. Re3 Nd7+ 51. Kd6 Nb6 52. Ke6 Rf7 53. Ne5+ 1-0

[Event "44th Chess Olympiad Women 2022"]
[Site "Chennai"]
[Date "2022.08.07"]
[Round "9.38"]
[White "Tiba, Mahdi Attiyah"]
[Black "Khan, Nazrana"]
[Result "0-1"]
[WhiteElo "1759"]
[BlackElo "1829"]
[Annotator "NA RC"]
[PlyCount "78"]
[EventDate "2022.??.??"]
[TimeControl "60"]

1. e4 c5 2. c3 d5 3. exd5 Qxd5 4. d4 Nf6 5. Nf3 e6 6. Na3 cxd4 7. Nb5 Qd8 8. Qxd4 Qxd4 9. Nfxd4 Na6 10. Bf4 Bc5 11. Be2 O-O 12. Bf3 e5 13. Bg3 exd4 14. cxd4 Bb4+ 15. Kd1 Bg4 16. Bxg4 Nxg4 17. a3 Ba5 18. d5 f5 19. h3 Nf6 20. d6 Ne4 21. b4 Bd8 22. Re1 Bf6 23.
Rc1 Rad8 24. Rc2 Nb8 25. Bh2 Nc6 26. f3 Ng5 27. Nc7 Nd4 28.
Rd2 Rd7 29. h4 Ngxf3 30. gxf3 Nxf3 31. Re8 Rxe8 32. Nxe8 Nxd2 33. Nxf6+ gxf6 34. Kxd2 h5 35. Kc3 Kf7 36. Kc4 Ke6 37. Kc5 Rd8 38. Bf4 Rc8+ 39. Kd4 b5 0-1

[Event "44th Chess Olympiad Women 2022"]
[Site "Chennai"]
[Date "2022.08.07"]
[Round "9.39"]
[White "Bagga, Khushi"]
[Black "Miranda Vargas, Analia Karen"]
[Result "0-1"]
[WhiteElo "1328"]
[BlackElo "1723"]
[Annotator "NA"]
[PlyCount "104"]
[EventDate "2022.??.??"]
[TimeControl "60"]

1. e4 g6 2. d4 Bg7 3. Nc3 d6 4. Be3 Nf6 5. Qd2 Ng4 6. Bg5 h6 7. Bh4 O-O 8. f3 Nf6 9. O-O-O a5 10. Bf2 c6 11. g4 b5 12. Be3 h5 13. gxh5 Nxh5 14. f4 Nf6 15.
f5 b4 16. Nb1 Nxe4 17. Qg2 Bxf5 18. Bd3 d5 19. Ne2 a4 20. a3 bxa3 21. Nxa3 Na6 22. Ng3 Nxg3 23. hxg3 Bxd3 24. Qh3 f6 25. Rxd3 Kf7 26. Re1 Rh8 27. Qg4 Qc8 28. Qe2 Qe6 29. Qf2 Qg4 30. Bd2 Rab8 31. Rf3 Qd7 32. Rfe3 Rhe8 33. Qf3 Qb7 34. Bc3 Bh6 35. Qf2 Nc7 36. Kd1 Bxe3 37. Qxe3 Nb5 38. Nxb5 Qxb5 39. Qe6+ Kg7 40. g4 Qb7 41. Kd2 Qc8 42. Qe2 Qc7 43. Kc1 Qf4+ 44. Kb1 Qg3 45. Kc1 a3 46. Qd2 a2 47. b3 Qxg4 48. Qd3 Qf5 49. Qe2 Ra8 50. Ba1 Qf4+ 51. Kd1 Qf5 52.
Rf1 Qh5 0-1

[Event "44th Chess Olympiad Women 2022"]
[Site "Chennai"]
[Date "2022.08.07"]
[Round "9.39"]
[White "Chong, Kimberly"]
[Black "Ortiz Verdezoto, Anahi"]
[Result "0-1"]
[WhiteElo "1741"]
[BlackElo "2046"]
[Annotator "NA RC"]
[PlyCount "62"]
[EventDate "2022.??.??"]
[TimeControl "60"]

1. e4 e5 2. Nf3 Nc6 3. Bc4 Bc5 4. c3 Nf6 5. d3 a6 6. Bb3 d6 7. h3 h6 8. O-O Ba7 9. Re1 g5 10. g4 Qe7 11. Be3 Bxe3 12. Rxe3 Na5 13. d4 Nxb3 14. Qxb3 h5 15. Nxg5 hxg4 16. hxg4 Nxg4 17. Rh3 Rg8 18. Nd2 Qxg5 19. Nf3 Qf4 20. Rg3 Nf6 21. Rxg8+ Nxg8 22. c4 Bh3 23. Nh2 Qg5+ 24. Qg3 Qxg3+ 25. fxg3 exd4 26. g4 Nf6 27. g5 Nxe4 28. Re1 Bf5 29. Nf3 d3 30. Nd2 Kf8 31. Nxe4 Re8 0-1

[Event "44th Chess Olympiad Women 2022"]
[Site "Chennai"]
[Date "2022.08.07"]
[Round "9.39"]
[White "Heredia Serrano, Carla"]
[Black "Smith, Olivia"]
[Result "1/2-1/2"]
[WhiteElo "2090"]
[BlackElo "2038"]
[Annotator "RC"]
[PlyCount "166"]
[EventDate "2022.??.??"]
[TimeControl "60"]

1. e4 e5 2. Nf3 Nf6 3. Nxe5 d6 4. Nf3 Nxe4 5. Nc3 Nxc3 6.
dxc3 Be7 7. Bd3 Nd7 8. Be3 O-O 9. Qd2 Nf6 10. h3 c5 11.
O-O d5 12. Rad1 b6 13. Qe2 Qc7 14. Ba6 Be6 15. Ng5 Bd6 16. b3 Rae8 17. Bb5 Re7 18. Qd2 Bc8 19. Nf3 Bb7 20. Bd3 Rfe8 21. Nh4 Ne4 22. Bxe4 Rxe4 23. Nf5 Bf8 24. Rfe1 Qc6 25. f3 R4e5 26. Ng3 Qg6 27. Bf4 R5e6 28. Rxe6 Qxe6 29. Nf1 d4 30. Bg3 Qg6 31. Kh1 Qf6 32. cxd4 Bxf3 33. Re1 Rxe1 34. Qxe1 Bc6 35. dxc5 Bxc5 36. Kh2 Qd4 37. Nd2 Bb4 38. c3 Bxc3 39. Nf3 Bxe1 40. Nxd4 Bxg3+ 41. Kxg3 Bd7 42. Kf4 f6 43. Ke4 Kf7 44. Kd5 h5 45. Kd6 Ke8 46. Kc7 b5 47. Kb7 Ke7 48. Kxa7 Kd6 49. Kb6 b4 50. Nc2 Bc6 51. g3 h4 52. gxh4 Be4 53.
Ne3 Bb1 54. Kb5 Bxa2 55. Kxb4 Bb1 56. Kc4 Ke5 57. b4 Kf4 58. Nd5+ Kg3 59. b5 Bf5 60. b6 Bc8 61. Nxf6 Kxh4 62. Ne8 Bb7 63. Nxg7 Kxh3 64. Kc5 Kg4 65. Ne8 Kf4 66. Kd6 Ke3 67. Kc7 Ba8 68. Kb8 Bg2 69. Kc7 Ba8 70. Kb8 Bg2 71. Nd6 Kd4 72. Kc7 Kc5 73. Nb7+ Kb5 74. Nd8 Bf3 75. Ne6 Bg2 76. Nd4+ Kc5 77. Nf5 Kb5 78. Ne7 Kc5 79. Nc8 Bf3 80. Kb8 Kb5 81. Ka7 Bg2 82. Nd6+ Kc5 83. Nb7+ Kb5 1/2-1/2

[Event "44th Chess Olympiad Women 2022"]
[Site "Chennai"]
[Date "2022.08.07"]
[Round "9.39"]
[White "Penafiel Mendoza, Josselyne"]
[Black "Ray, Hiya"]
[Result "1-0"]
[WhiteElo "1804"]
[BlackElo "1586"]
[Annotator "NA RC"]
[PlyCount "49"]
[EventDate "2022.??.??"]
[TimeControl "60"]

1. d4 d5 2. Nf3 e6 3. c4 c6 4. g3 Nf6 5. Bg2 Bd6 6. O-O O-O 7. b3 Nbd7 8.
Bb2 Ne4 9. Nbd2 f5 10. Qc2 Qf6 11. a3 e5 12. dxe5 Nxe5 13. cxd5 cxd5 14. Rad1 Bd7 15. Nxe4 fxe4 16. Nxe5 Bxe5 17. Rxd5 Bxb2 18.
Rxd7 e3 19. Qc4+ Kh8 20. fxe3 Qg5 21. Rf4 Qe5 22. Be4 Rac8 23. Rdf7 Bxa3 24. b4 Rg8 25. Qxc8 1-0

[Event "44th Chess Olympiad Women 2022"]
[Site "Chennai"]
[Date "2022.08.07"]
[Round "9.40"]
[White "Kojima, Natsumi"]
[Black "Oviedo Acosta, Paula"]
[Result "0-1"]
[WhiteElo "1782"]
[BlackElo "1855"]
[Annotator "NA RC"]
[PlyCount "92"]
[EventDate "2022.??.??"]
[TimeControl "60"]

1. e4 c5 2. Nc3 a6 3. f4 b5 4. Nf3 Bb7 5. d3 e6 6. g3 d5 7. Qe2 Nc6 8. Bg2 Nd4 9. Nxd4 cxd4 10. Nd1 dxe4 11. dxe4 Rc8 12. O-O Qb6 13. Kh1 Nf6 14. b3 Qc7 15. Rf2 Bc5 16. Qd3 O-O 17. Bb2 Rfd8 18. Re2 Ng4 19. Qf3 f5 20. h3 Ne3 21. Nxe3 Bxe4 22. Qh5 dxe3 23. Bxe4 fxe4 24. Qg4 Qf7 25. Rae1 h5 26. Qg5 Rd5 27. Be5 Be7 28. Qxg7+ Qxg7 29. Bxg7 Kxg7 30. Rxe3 Rxc2 31. R3e2 Bb4 32. Rxc2 Bxe1 33.
Kg2 Rd2+ 34. Rxd2 Bxd2 35. Kf2 Kf6 36. Ke2 Bc1 37. Kd1 Be3 38.
Ke2 Bd4 39. Kd2 b4 40. Ke2 Kf5 41. Kf1 e5 42. fxe5 Bxe5 43. Kf2 Bd4+ 44. Ke2 Bc5 45. Kf1 e3 46. Ke2 Ke5 0-1

[Event "44th Chess Olympiad Women 2022"]
[Site "Chennai"]
[Date "2022.08.07"]
[Round "9.40"]
[White "Mitsuyama, Rikka"]
[Black "Mayeregger Gonzalez, Renata"]
[Result "0-1"]
[WhiteElo "1157"]
[BlackElo "1479"]
[Annotator "NA"]
[PlyCount "70"]
[EventDate "2022.??.??"]
[TimeControl "60"]

1. d4 c5 2. d5 Nf6 3. c4 e6 4. Nc3 exd5 5. Nxd5 d6 6. e4 h6 7. Bd3 Nc6 8. Nf3 Bg4 9. h3 Bh5 10. Nf4 Bxf3 11. Qxf3 Ne5 12. Qd1 g5 13. Ne2 Nxd3+ 14. Qxd3 Qe7 15. Ng3 O-O-O 16. O-O Nd7 17. Qa3 a6 18. b4 Bg7 19. Nf5 Qe5 20. Rb1 Bf6 21. Rd1 Nb6 22. b5 Nxc4 23. Qa4 Qxe4 24. bxa6 Qxb1 25. Qxc4 Qxf5 26. a7 Kc7 27. Qb5 Ra8 28. Qa5+ b6 29. Qd2 Rhd8 30. g4 Qe5 31. Re1 Qd4 32. Qc2 Re8 33. Rd1 Qe4 34. Qd2 Bd4 35. Kf1 Qh1# 0-1

[Event "44th Chess Olympiad Women 2022"]
[Site "Chennai"]
[Date "2022.08.07"]
[Round "9.40"]
[White "Montiel Caceres, Helen"]
[Black "Misawa, Yuki"]
[Result "1-0"]
[WhiteElo "1763"]
[BlackElo "1587"]
[Annotator "NA"]
[PlyCount "103"]
[EventDate "2022.??.??"]
[TimeControl "60"]

1. d4 d5 2. c4 c6 3. Nc3 Nf6 4. e3 Bf5 5. Qb3 Qb6 6. Nf3 e6 7. Be2 Be7 8. O-O O-O 9. Qd1 Ne4 10. Nxe4 Bxe4 11. b3 Nd7 12. Bb2 h6 13. Qc1 Nf6 14. Ba3 Qd8 15. Bxe7 Qxe7 16. c5 Bh7 17. b4 a6 18. a4 Rfc8 19. Qb2 Qc7 20. Nd2 Ne4 21. Nb3 Qe7 22. f3 Nf6 23. Qc3 Ne8 24. b5 axb5 25.
axb5 cxb5 26. Bxb5 Nc7 27. Bd3 Bxd3 28. Qxd3 Qd7 29. Ra5 Qc6 30. Rfa1 b6 31. Rxa8 Rxa8 32. Rxa8+ Nxa8 33. Qa6 g5 34. Na5 Qa4 35. Qxa8+ Kg7 36. h3 bxa5 37. Qb8 Qa1+ 38. Kh2 Qc3 39. Qe5+ Kf8 40. Qd6+ Ke8 41. c6 Qxe3 42. Qd7+ Kf8 43. Qd8+ Kg7 44. Qd6 Qxd4 45. c7 e5 46. Qc6 Qf4+ 47. Kh1 d4 48. c8=Q d3 49. Qd6 d2 50. Qcd8 h5 51. Q8f8+ Kh7 52. Qdh6# 1-0

[Event "44th Chess Olympiad Women 2022"]
[Site "Chennai"]
[Date "2022.08.07"]
[Round "9.40"]
[White "Vargas, Gabriela"]
[Black "Sakai, Azumi"]
[Result "1-0"]
[WhiteElo "2140"]
[BlackElo "1759"]
[Annotator "NA RC"]
[PlyCount "45"]
[EventDate "2022.??.??"]
[TimeControl "60"]

1. d4 d5 2. Nf3 Nf6 3. c3 e6 4. Bg5 c5 5. Nbd2 Be7 6. e3 Nc6 7. Bd3 h6 8. Bh4 Qb6 9. Rb1 Bd7 10. Qe2 O-O 11. Ne5 Rad8 12. O-O Qc7 13.
f4 c4 14. Bc2 b5 15. Rf3 a5 16. Rg3 Bc8 17. Bxf6 Bxf6 18. Qh5 Kh8 19. Ng4 Nxd4 20. cxd4 Bxd4 21. Nxh6 Bxe3+ 22. Rxe3 g6 23. Nxf7+ 1-0

[Event "44th Chess Olympiad Women 2022"]
[Site "Chennai"]
[Date "2022.08.07"]
[Round "9.41"]
[White "Caku, Kler"]
[Black "Castillo Beitia, Ashley Alexandra"]
[Result "1/2-1/2"]
[WhiteElo "1626"]
[BlackElo "1587"]
[Annotator "NA"]
[PlyCount "68"]
[EventDate "2022.??.??"]
[TimeControl "60"]

1. e4 c5 2. Nf3 d6 3. c3 d5 4. exd5 Qxd5 5. d4 Nc6 6. Be3 cxd4 7. Nxd4 a6 8. c4 Qa5+ 9. Nc3 Nxd4 10. Bxd4 Nf6 11. a3 e6 12. Be2 Be7 13. O-O O-O 14. Qb3 Nd7 15. Rad1 Bc5 16. Bxc5 Qxc5 17. Ne4 Qe5 18. Bf3 Nc5 19. Nxc5 Qxc5 20. Rd2 e5 21. Bd5 Kh8 22. Qc3 f6 23. b4 Qc7 24. Qg3 Bd7 25. f4 Bc6 26. fxe5 Bxd5 27. cxd5 fxe5 28. Re1 Rac8 29. h3 Qf7 30. Qxe5 Rce8 31. Qg3 Kg8 32. d6 Rxe1+ 33. Qxe1 Rd8 34. Qe7 Rd7 1/2-1/2

[Event "44th Chess Olympiad Women 2022"]
[Site "Chennai"]
[Date "2022.08.07"]
[Round "9.41"]
[White "Munoz Henriquez, Alba Esther"]
[Black "Gjergji, Rozana"]
[Result "0-1"]
[WhiteElo "1588"]
[BlackElo "1920"]
[Annotator "NA"]
[PlyCount "118"]
[EventDate "2022.??.??"]
[TimeControl "60"]

1. e4 e5 2. Nf3 Nc6 3. Bb5 a6 4. Ba4 d6 5. d4 b5 6. Bb3 Nxd4 7. Nxd4 exd4 8. Qxd4 c5 9. Qd5 Be6 10. Qc6+ Bd7 11. Qd5 c4 12. Bxc4 bxc4 13. Qxc4 Nf6 14. Nc3 Be7 15. O-O O-O 16. Re1 Qb6 17. a4 Rac8 18. Qd3 Rfe8 19. h3 Bc6 20. Be3 Qb7 21. f3 Nd7 22. Bd4 Bf6 23.
b3 Qb4 24. Ne2 d5 25. Bxf6 Nxf6 26. exd5 Qb6+ 27. Qd4 Nxd5 28.
Qxb6 Nxb6 29. c4 Kf8 30. Kf2 Nd7 31. Nd4 Nc5 32. Re3 Bd7 33.
Rae1 Rcd8 34. a5 Rxe3 35. Kxe3 Re8+ 36. Kd2 Rxe1 37. Kxe1 Nd3+ 38. Ke2 Nb4 39. Kd2 Nc6 40. Kc3 Nxa5 41. Kb4 Nb7 42. c5 a5+ 43. Kc4 a4 44. c6 Na5+ 45. Kb4 Nxc6+ 46. Nxc6 axb3 47. Kxb3 Bxc6 48. Kb4 f5 49. h4 Kf7 50. Kc5 Ba8 51. Kd4 Kf6 52. Ke3 h5 53. Kf4 Bd5 54. g3 g6 55. Ke3 g5 56. f4 gxh4 57. gxh4 Ke6 58. Kd3 Kd6 59. Kd4 Be6 0-1

[Event "44th Chess Olympiad Women 2022"]
[Site "Chennai"]
[Date "2022.08.07"]
[Round "9.41"]
[White "Rondon Chacon, Yolys Desiree"]
[Black "Shuqja, Klean"]
[Result "0-1"]
[WhiteElo "1688"]
[BlackElo "1883"]
[Annotator "NA"]
[PlyCount "84"]
[EventDate "2022.??.??"]
[TimeControl "60"]

1. d4 Nf6 2. Nf3 e6 3. g3 d5 4. Bg2 Be7 5. O-O O-O 6. c4 b6 7. Nc3 Bb7 8. Ne5 Nbd7 9. Bf4 Rc8 10. Qa4 Nxe5 11. dxe5 Ne4 12. Nxe4 dxe4 13. Rfd1 Qe8 14. Qxe8 Rfxe8 15. a3 a5 16. Rd2 a4 17. Be3 Bc6 18. Rad1 Red8 19. Kf1 f6 20. exf6 gxf6 21. Rxd8+ Rxd8 22. Rxd8+ Bxd8 23. h4 f5 24. Bd4 Bb7 25. c5 bxc5 26. Bxc5 Bf6 27. f3 exf3 28. Bxf3 Bxf3 29. exf3 Bxb2 30. Ke2 e5 31. Kd3 Kf7 32. g4 Ke6 33. g5 Bc1 34. Kc2 Bf4 35. Kd3 Kd5 36. Be7 e4+ 37. fxe4+ fxe4+ 38. Ke2 Ke5 39. Bf6+ Kf5 40. Bd4 Bd6 41. Bb2 Bc5 42. Bc1 Kg4 0-1

[Event "44th Chess Olympiad Women 2022"]
[Site "Chennai"]
[Date "2022.08.07"]
[Round "9.41"]
[White "Shabanaj, Eglantina"]
[Black "Chung Hurtado, Yaleika"]
[Result "1-0"]
[WhiteElo "1940"]
[BlackElo "1696"]
[Annotator "NA RC"]
[PlyCount "57"]
[EventDate "2022.??.??"]
[TimeControl "60"]

1. Nf3 Nf6 2. d4 e6 3. c4 d5 4. Qc2 c6 5. Bf4 Bb4+ 6. Nbd2 Ne4 7. a3 Bd6 8. Bxd6 Nxd6 9. e4 Nxe4 10. Nxe4 dxe4 11. Qxe4 Qf6 12. Bd3 g6 13. O-O O-O 14. Rfe1 Nd7 15. h4 c5 16. b4 cxd4 17. Nxd4 Rb8 18. c5 a6 19. Rad1 Rd8 20. Bb1 Nf8 21. Nf3 Bd7 22. Ne5 Ba4 23. Rxd8 Qxd8 24. Qf4 Be8 25. Ng4 Rc8 26. h5 gxh5 27. Nf6+ Kg7 28. Nxh5+ Kg8 29. Qh6 1-0

[Event "44th Chess Olympiad Women 2022"]
[Site "Chennai"]
[Date "2022.08.07"]
[Round "9.42"]
[White "Nakabo, Peninah"]
[Black "Stojkovska, Monika"]
[Result "1-0"]
[WhiteElo "1747"]
[BlackElo "2091"]
[Annotator "RC"]
[PlyCount "126"]
[EventDate "2022.??.??"]
[TimeControl "60"]

1. e4 c5 2. c3 e6 3. d4 d5 4. exd5 exd5 5. Nf3 Nc6 6. Bb5 a6 7. Bxc6+ bxc6 8. O-O Bd6 9. dxc5 Bxc5 10. Nbd2 Ne7 11. Nb3 Bd6 12. Be3 O-O 13. Bc5 Bg4 14. h3 Bh5 15. Qd3 Ng6 16. Qf5 Bxf3 17. Qxf3 Ne5 18. Qd1 Nc4 19. Qc2 Rb8 20. Rab1 Re8 21. Bxd6 Qxd6 22. Rfe1 Ne5 23. Re3 c5 24. Rbe1 d4 25. cxd4 cxd4 26. Rd1 Nc6 27. Rxe8+ Rxe8 28. Qc4 a5 29. Qc5 Qxc5 30. Nxc5 f6 31. Kf1 Kf7 32. a3 Rb8 33. Rd2 Ke7 34. Ke2 Kd6 35. Nd3 Rb3 36. f4 g5 37. g3 gxf4 38.
gxf4 Rb7 39. Kf3 Re7 40. Kg4 Re3 41. h4 Ne7 42. b4 axb4 43.
Nxb4 Kc5 44. Nc2 Re4 45. a4 Kc4 46. a5 d3 47. Na3+ Kd4 48.
Kf3 Re6 49. Nb5+ Kc4 50. Na3+ Kc3 51. Nb1+ Kd4 52. Ra2 Nc6 53. Ra4+ Kc5 54. a6 Na7 55. f5 Re1 56. Nd2 Re2 57. Nb3+ Kb6 58.
Rd4 Kxa6 59. Rxd3 Rc2 60. Rd6+ Rc6 61. Nc5+ Kb5 62. Rxc6 Kxc6 63. Ne4 Kd5 1-0

[Event "44th Chess Olympiad Women 2022"]
[Site "Chennai"]
[Date "2022.08.07"]
[Round "9.42"]
[White "Nansubuga, Gloria"]
[Black "Eftovska, Lea"]
[Result "0-1"]
[WhiteElo "1538"]
[BlackElo "1634"]
[Annotator "NA RC"]
[PlyCount "110"]
[EventDate "2022.??.??"]
[TimeControl "60"]

1. e4 e5 2. Bc4 Nf6 3. d3 Bc5 4. Nf3 d6 5. c3 Nc6 6. Bg5 h6 7. Bh4 O-O 8. Nbd2 a6 9. O-O Ba7 10. h3 Na5 11. Bb3 Nxb3 12. Nxb3 Qe7 13. Kh1 Bd7 14. Nh2 g5 15. Bg3 Kh7 16. Nd2 Rg8 17. f3 Nh5 18.
Bf2 Bxf2 19. Rxf2 Nf4 20. Ndf1 h5 21. Ne3 c6 22. d4 Raf8 23.
dxe5 dxe5 24. Rd2 Be6 25. Nf5 Bxf5 26. exf5 Rd8 27. Rxd8 Rxd8 28. Qc2 Qf6 29. Nf1 Kg7 30. Ng3 h4 31. Nf1 Qd6 32. Re1 f6 33. Qb3 b5 34. Qc2 Qd3 35. Qxd3 Rxd3 36. Kh2 Kf7 37. Kg1 a5 38. Kf2 Rd7 39. Kg1 a4 40. Kh2 Ke7 41. g3 hxg3+ 42. Kxg3 Rd8 43. Re3 Rh8 44. b3 Rxh3+ 45. Kf2 axb3 46. axb3 Rh8 47. c4 Ra8 48. cxb5 Ra2+ 49. Kg1 cxb5 50. Kh1 Ne2 51. Rd3 Ra1 52. Rd2 Ng3+ 53. Kg2 Nxf1 54. Re2 Kd6 55. Kf2 Kc5 0-1

[Event "44th Chess Olympiad Women 2022"]
[Site "Chennai"]
[Date "2022.08.07"]
[Round "9.42"]
[White "Nikolovska, Dragana"]
[Black "Ampaire Shakira"]
[Result "1-0"]
[WhiteElo "1876"]
[BlackElo "1666"]
[Annotator "NA RC"]
[PlyCount "119"]
[EventDate "2022.??.??"]
[TimeControl "60"]

1. e4 d5 2. exd5 Qxd5 3. d4 e5 4. Nf3 Bg4 5. dxe5 Bxf3 6.
Qxf3 Qxe5+ 7. Be2 Nc6 8. c3 Bd6 9. Nd2 Nf6 10. Nc4 Qe4 11.
Nxd6+ cxd6 12. O-O O-O 13. Bg5 Ne5 14. Qxe4 Nxe4 15. Bf4 g5 16. Be3 h6 17. Rad1 Rfd8 18. f3 Nc5 19. f4 gxf4 20. Rxf4 Ng6 21. Rf3 Kg7 22. Rh3 Ne6 23. Bxh6+ Kg8 24. Bc4 Rac8 25. Bd5 Nef4 26. Rf3 Nxd5 27. Rxd5 Rc5 28. Rfd3 Rxd5 29. Rxd5 f6 30. Rf5 Kh7 31. Be3 Kg7 32. Bxa7 Ne5 33. Bd4 Kg6 34. Rf2 f5 35. g3 Re8 36. Kg2 Nc6 37. Bb6 Re4 38. Rd2 Kg5 39. b4 Rc4 40. h4+ Kg4 41.
b5 Ne5 42. Rd4+ f4 43. gxf4 Rxd4 44. Bxd4 Nc4 45. Bf6 Kxf4 46. h5 Kf5 47. Bg7 Na3 48. b6 Kg5 49. h6 Kg6 50. Kf3 Nc4 51. Bd4 Nd2+ 52. Kg4 Nc4 53.
a4 Kxh6 54. Kf5 Kh7 55. Ke6 Kg8 56. Kd5 Na5 57. Kxd6 Kf7 58.
Kc7 Ke6 59. Bc5 Kd5 60. Bb4 1-0

[Event "44th Chess Olympiad Women 2022"]
[Site "Chennai"]
[Date "2022.08.07"]
[Round "9.42"]
[White "Zhezhovska, Monika"]
[Black "Takali Milly"]
[Result "1-0"]
[WhiteElo "1588"]
[BlackElo "1482"]
[Annotator "NA"]
[PlyCount "123"]
[EventDate "2022.??.??"]
[TimeControl "60"]

1. d4 Nf6 2. c4 g6 3. Nc3 Bg7 4. e4 d6 5. Be2 O-O 6. Be3 Nc6 7. h4 h5 8. Nh3 e5 9. d5 Ne7 10. Ng5 c6 11. f3 Bd7 12. g4 cxd5 13. cxd5 a6 14. a4 Rc8 15. Rg1 Qa5 16. Ra3 Rc7 17. Qb3 Nc8 18. Kf1 Kh8 19. Kf2 Kg8 20.
Nb5 Rc5 21. Bxc5 dxc5 22. Nc3 Nd6 23. Qc2 Qb4 24. Qd2 Qd4+ 25.
Qxd4 cxd4 26. Nd1 Rc8 27. gxh5 Nxh5 28. Bd3 Nf4 29. Ke1 Bxa4 30. Rxa4 Nxd3+ 31. Kd2 Nf4 32. b3 Bh6 33. Rg4 f6 34. Rxf4 fxg5 35. Rf6 gxh4+ 36. Ke1 Nf7 37. Rxg6+ Kh7 38. Rb6 Rc7 39. Ra2 Bf4 40. d6 Rd7 41. Nf2 Nxd6 42. Ng4 Kg6 43. Rg2 Bg3+ 44. Rxg3 hxg3 45. Nxe5+ Kg5 46. Nxd7 Nb5 47. Nc5 Kf4 48.
Rf6+ Ke3 49. e5 d3 50. Nxd3 Kxd3 51. e6 Nd6 52. e7 Ne8 53. Rf8 Nc7 54. e8=Q Nxe8 55. Rxe8 Kc3 56. Re3+ Kd4 57. Kd2 b5 58. Re4+ Kd5 59. Rg4 a5 60. Rxg3 a4 61. bxa4 bxa4 62. Kc3 1-0